 Dungeon Crawl Stone Soup version 0.21-a0-442-g848f44b (webtiles) character file.

31626 Ijustatesigmund the Commander (level 13, -14/139 HPs)
             Began as an Octopode Artificer on Nov 10, 2017.
             Was a High Priest of Okawaru.
             Demolished by a blink frog (18 damage)
             ... on level 1 of the Lair of Beasts on Nov 13, 2017.
             The game lasted 00:56:56 (17355 turns).

Ijustatesigmund the Commander (Octopode Artificer) Turns: 17355, Time: 00:56:56

Health: -14/139    AC:  5    Str: 18    XL:     13   Next: 59%
Magic:  22/22      EV: 16    Int: 14    God:    Okawaru [*****.]
Gold:   814        SH: 15    Dex: 15    Spells: 13/16 levels left

rFire    + . .     SeeInvis .   m - +5 scimitar (flame)
rCold    . . .     Gourm    .   H - +4 shield {rF+}
rNeg     . . .     Faith    .   Q - +0 hat of Liexulug {rPois Slay+6}
rPois    +         Spirit   .   B - amulet of rage
rElec    .         Reflect  .   l - ring of stealth
rCorr    .         Harm     .   o - +4 ring of protection
MR       +....                  L - ring of protection from magic
Stlth    ..........             U - ring of poison resistance
HPRegen  0.33/turn              (no ring)
MPRegen  0.18/turn              (no ring)
                                (no ring)
                                (no ring)

@: berserking, very quick
A: almost no armour, stealthy swim, amphibious, 8 rings, constrict 8, camouflage
1, gelatinous body 1
a: Heroism, Finesse, Renounce Religion, Evoke Berserk Rage


You were on level 1 of the Lair of Beasts.
You worshipped Okawaru.
Okawaru was extremely pleased with you.
You were very hungry.

You visited 3 branches of the dungeon, and saw 14 of its levels.
You also visited: Ossuary.

You collected 964 gold pieces.
You spent 150 gold pieces at shops.

Inventory:

Hand Weapons
 e - a +3 short sword of flaming
 m - a +5 scimitar of flaming (weapon)
 D - the +7 dagger of Zomnujeo {drain, rPois rC- rN+}
   (Okawaru gifted it to you on level 11 of the Dungeon)

   A truly terrible weapon, it drains the life of those it strikes.
   It makes you vulnerable to cold.
   It protects you from poison.
   It protects you from negative energy.
Missiles
 x - 4 poisoned javelins (quivered)
 J - 4 throwing nets
Armour
 H - a +4 shield of fire resistance (worn)
 Q - the +0 hat of Liexulug (worn) {rPois Slay+6}
   (You acquired it on level 9 of the Dungeon)

   It affects your accuracy and damage with ranged weapons and melee attacks
   (+6).
   It protects you from poison.
Jewellery
 i - an uncursed amulet of guardian spirit
 l - a ring of stealth (left tentacle)
 o - a +4 ring of protection (right tentacle)
 w - an uncursed amulet of magic regeneration
 B - an amulet of rage (around mantle)
 I - the ring of Uzoer {Wiz rC- rN+ Str+2}
   (You found it on level 7 of the Dungeon)

   [ring of wizardry]

   It improves your spell success rate.
   It affects your strength (+2).
   It makes you vulnerable to cold.
   It protects you from negative energy.
 L - a ring of protection from magic (on tentacle)
 U - a ring of poison resistance (on tentacle)
Wands
 a - a wand of digging (4/24)
 c - a wand of enslavement (0/24)
 q - a wand of random effects (33/48)
 v - a wand of disintegration (24/24)
 G - a wand of scattershot (3/9)
 N - a wand of lightning (9/15)
 P - a wand of disintegration (9/24)
 R - a wand of acid (9/15)
 W - a wand of acid (12/15)
 Z - a wand of polymorph (4/24)
Scrolls
 k - 2 scrolls of immolation
 n - a scroll of blinking
 p - 4 scrolls of remove curse
 y - a scroll of magic mapping
 A - a scroll of amnesia
 C - 4 scrolls of teleportation
 S - 2 scrolls of identify
Potions
 h - 5 potions of agility
 r - a potion of lignification
 s - 2 potions of curing
 t - 5 potions of flight
 u - a potion of might
 F - 3 potions of haste
 M - a potion of ambrosia
 O - a potion of brilliance
 T - 2 potions of heal wounds
 V - 3 potions of resistance
Miscellaneous
 E - 2 boxes of beasts
Comestibles
 b - 2 chunks of flesh
 f - 12 bread rations
 g - 4 royal jellies
 j - 6 meat rations


   Skills:
 + Level 10.3 Fighting
 - Level 6.1(8.1) Short Blades
 + Level 8.1(9.1) Long Blades
 - Level 6.9 Dodging
 - Level 11.0 Stealth
 - Level 7.0 Shields
 + Level 2.1 Spellcasting
 + Level 0.8 Charms
 - Level 4.0 Summonings
 + Level 0.8 Air Magic
 + Level 13.0 Invocations
 - Level 3.2 Evocations


You had 13 spell levels left.
You knew the following spells:

 Your Spells              Type           Power        Failure   Level  Hunger
a - Summon Butterflies    Summ           ##......     13%         1    #......
b - Swiftness             Chrm/Air       #.......     56%         2    ###....


Dungeon Overview and Level Annotations

Branches:
Dungeon (12/15)            Temple (1/1) D:5            Lair (1/6) D:11
    Orc (0/2) D:9

Altars:
Cheibriados
Dithmenos
Elyvilon
Gozag
Makhleb
Okawaru
Uskayaw
Wu Jian
Yredelemnul
The Shining One

Shops:
D:4 [   D:9 !


Innate Abilities, Weirdness & Mutations

You cannot wear most types of armour.
You are very stealthy in the water. (Stealth+)
You are amphibious.
You can wear up to eight rings at the same time.
You can use your tentacles to constrict eight enemies at once.
Your skin changes colour to match your surroundings (Stealth+).
Your rubbery body absorbs attacks. (AC +1, EV +1)


Message History

You barely miss the hippogriff. You squeeze the hippogriff!
The hippogriff is almost dead.
You block the blink frog's attack. x2; The blink frog blinks!
You slice the hippogriff!! You burn the hippogriff.
You kill the hippogriff!
Okawaru accepts your kill. The blink frog misses you.
The blink frog hits you but does no damage.
You block the blink frog's attack.
You slash the blink frog! You burn the blink frog!
You kill the blink frog!
Okawaru accepts your kill. You block the blink frog's attack.
You miss the blink frog. You grab the blink frog. You constrict the blink frog.
The blink frog hits you!!
* * * LOW HITPOINT WARNING * * *
You miss the blink frog. Your grab misses the blink frog.
Your squeeze misses the blink frog. You constrict the blink frog.
The blink frog hits you!!
You die...

#...# #.## ##.## ##.##
##
###..#####..#.########.#
.................>....#
##.####.#.............#
##.# ####...........$#
#.# ##............## #.#
#.......††.....# #.#
#......@.....# #.#
#......FF....# #.#
#............# ##.#
#####..........!..#
#..###.#.#............##
......................#
##.##.####..#########.#
####..# ##.# ## #.## #.#


You could see 2 blink frogs.

Vanquished Creatures
  2 minotaurs (D:11)
  Harold (Lair:1)
  A hydra (D:12)
  4 two-headed ogres
  4 death yaks (D:11)
  The ghost of Autsider the Magician, a novice GnSk of Ashenzari (D:10)
  An unseen horror (D:10)
  A cyclops (D:11)
  An ugly thing (D:11)
  A manticore (D:11)
  A centaur zombie (D:10)
  Joseph (D:10)
  2 gargoyles
  A spiny frog (D:10)
  9 yaktaurs (D:11)
  The ghost of Ijustatesigmund the Sneak, a novice OpAr of Okawaru (Ossuary)
  An efreet (D:8)
  2 trolls
  5 slime creatures (D:12)
  The ghost of Autsider the Conjurer, an amateur DrCj (D:4)
  Prince Ribbit (D:9)
  8 blink frogs (Lair:1)
  4 hippogriffs
  A tarantella (shapeshifter) (D:8)
  A wyvern (D:10)
  2 wraiths
  3 hungry ghosts
  3 hogs (D:9)
  A human (D:9)
  25 yaks
  4 vampire mosquitoes (D:12)
  3 tengu zombies (D:10)
  2 soldier ants (D:12)
  3 water moccasins
  4 sky beasts
  7 orc warriors
  2 ice beasts
  2 phantoms
  A black bear (D:8)
  3 necrophages
  4 ogres
  2 centaurs
  A big kobold (D:11)
  2 elf zombies (Ossuary)
  A gnoll sergeant (D:9)
  14 bullfrogs
  8 orc priests
  3 scorpions
  A killer bee (D:11)
  6 wights
  2 electric eels
  7 howler monkeys
  6 crimson imps
  A quasit (D:7)
  6 hounds
  2 human zombies (Ossuary)
  6 jellies
  10 orc wizards
  4 iguanas
  9 worker ants
  2 big kobold zombies (Ossuary)
  A hound skeleton (D:11)
  2 mummies (Ossuary)
  A worker ant zombie (D:11)
  A howler monkey zombie (D:11)
  Robin (D:4)
  11 adders
  20 gnolls
  3 shadow imps
  2 adder zombies (Ossuary)
  2 adder skeletons
  2 worms
  A dart slug (D:4)
  5 leopard geckos
  35 orcs
  8 giant cockroaches
  17 goblins
  8 hobgoblins
  6 jackals
  5 quokkas
  A ball python skeleton (D:5)
  6 bats
  7 frilled lizards
  A goblin zombie (Ossuary)
  8 hobgoblin zombies (Ossuary)
  A jackal skeleton (D:5)
  10 kobolds
  8 kobold zombies (Ossuary)
  A leopard gecko skeleton (D:9)
  7 orc zombies (Ossuary)
  2 quokka skeletons (D:9)
  6 rats
407 creatures vanquished.

Vanquished Creatures (collateral kills)
  3 slime creatures (D:12)
  A tengu zombie (D:10)
  A water moccasin (D:10)
  A howler monkey (D:5)
  2 iguanas
  A worker ant zombie (D:7)
  A gnoll (D:5)
  6 orcs
  A frilled lizard (D:5)
17 creatures vanquished.

Vanquished Creatures (others)
  A hog (D:9)
  2 jellies
  An orc priest (D:5)
  A worker ant (D:4)
  A big kobold zombie (Ossuary)
  An adder zombie (Ossuary)
  3 orcs (D:5)
  A goblin (D:4)
  A goblin zombie (Ossuary)
  A kobold zombie (Ossuary)
13 creatures vanquished.

Grand Total: 437 creatures vanquished

Notes
Turn   | Place    | Note
-------+----------+-------------------------------------------
     0 | D:1      | Ijustatesigmund the Octopode Artificer began the quest for the Orb.
     0 | D:1      | Reached XP level 1. HP: 13/13 MP: 3/3
   288 | D:1      | Reached XP level 2. HP: 15/19 MP: 4/4
   749 | D:1      | You fall through a shaft!
  1271 | D:2      | Reached XP level 3. HP: 25/25 MP: 5/5
  1420 | D:2      | Reached XP level 4. HP: 41/41 MP: 6/6
  2157 | D:3      | Found an ornate altar of the Wu Jian Council.
  2162 | D:3      | Found a transporter.
  2182 | D:3      | Found a transporter.
  2387 | D:3      | Found an iron altar of Okawaru.
  2457 | D:3      | Became a worshipper of Warmaster Okawaru
  2565 | D:4      | Noticed a bullfrog
  2569 | D:4      | Killed a bullfrog
  2569 | D:4      | Reached XP level 5. HP: 46/46 MP: 7/7
  2758 | D:4      | Found a sand-covered staircase.
  2763 | Ossuary  | Entered an ossuary
  2795 | Ossuary  | Noticed Ijustatesigmund's ghost (novice OpAr)
  2855 | Ossuary  | Reached skill level 1 in Invocations
  2887 | Ossuary  | Reached skill level 2 in Invocations
  2887 | Ossuary  | Reached XP level 6. HP: 48/52 MP: 8/8
  3137 | Ossuary  | Reached * piety under Okawaru
  3148 | Ossuary  | Reached skill level 3 in Invocations
  3189 | Ossuary  | Killed Ijustatesigmund's ghost
  3189 | Ossuary  | Reached ** piety under Okawaru
  3189 | Ossuary  | Reached skill level 4 in Invocations
  3189 | Ossuary  | Reached XP level 7. HP: 33/57 MP: 0/10
  3483 | D:4      | Noticed Robin
  3501 | D:4      | Killed Robin
  3617 | D:4      | Found Qobb's Antique Armour Boutique.
  3646 | D:4      | Noticed Autsider's ghost (amateur DrCj)
  3660 | D:5      | Entered Level 5 of the Dungeon
  3697 | D:5      | Reached skill level 5 in Invocations
  3715 | D:5      | Found a staircase to the Ecumenical Temple.
  3729 | Temple   | Entered the Ecumenical Temple
  4094 | D:5      | Reached XP level 8. HP: 51/63 MP: 12/12
  4333 | D:5      | Found a shadowy altar of Dithmenos.
  4719 | D:5      | Reached skill level 6 in Invocations
  5011 | D:6      | Noticed a troll
  5018 | D:6      | Killed a troll
  5385 | D:6      | Reached *** piety under Okawaru
  5594 | D:7      | Reached skill level 7 in Invocations
  5699 | D:7      | Noticed a troll
  5719 | D:7      | Reached XP level 9. HP: 68/68 MP: 10/14
  6285 | D:4      | Killed Autsider's ghost
  6285 | D:4      | Reached skill level 5 in Short Blades
  6651 | D:7      | Killed a troll
  6656 | D:7      | Reached skill level 8 in Invocations
  6698 | D:7      | Got a sparkling bronze ring
  6699 | D:7      | Identified the ring of Uzoer {Wiz rC- rN+ Str+2} (You found it on level 7 of the Dungeon)
  7054 | D:8      | Reached **** piety under Okawaru
  7094 | D:8      | Noticed an efreet
  7107 | D:8      | Killed an efreet
  7620 | D:8      | Reached skill level 1 in Long Blades
  7620 | D:8      | Reached XP level 10. HP: 70/73 MP: 14/16
  8080 | D:8      | Found a glowing golden altar of the Shining One.
  8204 | D:8      | Reached ***** piety under Okawaru
  8265 | D:8      | Reached skill level 9 in Invocations
  8429 | D:8      | Found a white marble altar of Elyvilon.
  8436 | D:8      | Found a basalt altar of Yredelemnul.
  8437 | D:8      | Found an iron altar of Okawaru.
  8438 | D:8      | Found a snail-covered altar of Cheibriados.
  8439 | D:8      | Found a hide-covered altar of Uskayaw.
  8442 | D:8      | Found a burning altar of Makhleb.
  8502 | D:8      | Found an opulent altar of Gozag.
  8974 | D:9      | Upgraded the game from 0.21-a0-440-g28109cb to 0.21-a0-442-g848f44b
  8977 | D:9      | Found Heotuc's Distillery.
  8991 | D:9      | Reached skill level 10 in Stealth
  9081 | D:9      | Bought a potion of haste for 150 gold pieces
  9723 | D:9      | Noticed Prince Ribbit
  9726 | D:9      | Killed Prince Ribbit
  9726 | D:9      | Received a gift from Okawaru
  9726 | D:9      | Reached skill level 5 in Dodging
  9726 | D:9      | Reached XP level 11. HP: 80/80 MP: 18/18
  9743 | D:9      | Noticed a two-headed ogre
  9753 | D:9      | Killed a two-headed ogre
 10343 | D:9      | Reached skill level 10 in Invocations
 10492 | D:9      | Found a staircase to the Orcish Mines.
 10587 | D:9      | Identified a scroll of acquirement
 10590 | D:9      | Got a brightly glowing hat
 10596 | D:9      | Identified the +0 hat of Liexulug {rPois Slay+6} (You acquired it on level 9 of the Dungeon)
 10646 | D:10     | Entered Level 10 of the Dungeon
 10963 | D:10     | Reached skill level 5 in Long Blades
 10965 | D:10     | Found a transporter.
 10991 | D:10     | Noticed a two-headed ogre
 10994 | D:10     | Killed a two-headed ogre
 11019 | D:10     | Found a transporter.
 11451 | D:10     | Killed an unseen horror
 11652 | D:10     | Noticed Joseph
 11658 | D:10     | Killed Joseph
 11660 | D:10     | Received a gift from Okawaru
 11677 | D:10     | Noticed Autsider's ghost (novice GnSk)
 11690 | D:10     | Killed Autsider's ghost
 11690 | D:10     | Reached skill level 11 in Invocations
 11786 | D:10     | Reached XP level 12. HP: 83/84 MP: 20/20
 13009 | D:11     | Reached skill level 5 in Shields
 13308 | D:11     | Found a staircase to the Lair.
 13481 | D:11     | Noticed a death yak
 13481 | D:11     | Noticed a death yak
 13494 | D:11     | Killed a death yak
 13500 | D:11     | Killed a death yak
 13538 | D:11     | Reached skill level 12 in Invocations
 13829 | D:11     | Identified Itemadal's Almanac of Creation and Good Luck
 13833 | D:11     | Learned a level 1 spell: Summon Butterflies
 13834 | D:11     | Noticed a death yak
 13835 | D:11     | Noticed a death yak
 13835 | D:11     | Noticed a minotaur
 13844 | D:11     | Killed a minotaur
 13844 | D:11     | Received a gift from Okawaru
 13844 | D:11     | Reached skill level 1 in Summonings
 14270 | D:11     | Killed a death yak
 14275 | D:11     | Killed a death yak
 14478 | D:11     | Got an iridescent dagger {god gift}
 14479 | D:11     | Identified the +7 dagger of Zomnujeo {drain, rPois rC- rN+} (Okawaru gifted it to you on level 11 of the Dungeon)
 14492 | D:11     | Noticed a minotaur
 14504 | D:11     | Killed a minotaur
 14504 | D:11     | Received a gift from Okawaru
 14593 | D:11     | Reached XP level 13. HP: 75/90 MP: 22/22
 15674 | D:12     | Received a gift from Okawaru
 15684 | D:12     | Reached skill level 10 in Fighting
 16555 | D:12     | Reached skill level 1 in Spellcasting
 17057 | Lair:1   | Entered Level 1 of the Lair of Beasts
 17074 | Lair:1   | Reached skill level 13 in Invocations
 17092 | Lair:1   | Learned a level 2 spell: Swiftness
 17283 | Lair:1   | Noticed Harold
 17293 | Lair:1   | Killed Harold
 17354 | Lair:1   | HP: 4/139 [blink frog (19)]
 17355 | Lair:1   | Demolished by a blink frog

Vault maps used:
D:1:      lemuel_arrival_tunnels
D:3:      gammafunk_temple_overflow_arena, kennysheep_okawaru_gauntlet
D:4:      first_bread, enter_ossuary_2, serial_shops, shop, uniq_robin
D:5:      cheibrodos_iron_armory, nicolae_dithmenos_through_a_glass_darkly,
          minmay_temple_entry_glassed_door, hangedman_decor_lopped,
          minmay_strange_pillars
D:8:      wad_arrow_thing, tso_altar,
          nicolae_gozag_cash_rules_everything_around_me, minitemple
D:9:      erik_orc_2, serial_shops, shop_statue, grunt_livestock,
          serial_park_tiny_1, minivault_10, uniq_prince_ribbit1
D:10:     gammafunk_cloud_chamber, uniq_joseph
D:11:     fort_yaktaur, lair_entry_dummy, serial_undead, serial_undead_d,
          serial_undead_b, serial_undead_e, serial_undead_d
Temple:   minmay_temple_forest_path
Lair:1:   beast_lair_carwin_2, uniq_harold
Ossuary:  ossuary_tomb_1

Skill      XL: |  1  2  3  4  5  6  7  8  9 10 11 12 13 |
---------------+----------------------------------------+-----
Fighting       | 2 9 10 | 10.3
Stealth        | 8 9 10 11 | 11.0
Invocations    | 2 4 5 7 8 9 11 12 13 | 13.0
Short Blades   | 2 4 6 |  6.1
Long Blades    | 1 4 6 7 8 |  8.1
Dodging        | 5 6 |  6.9
Shields        | 2 7 |  7.0
Summonings     | 2 4 |  4.0
Spellcasting   | 2 |  2.1
Charms         | |  0.8
Air Magic      | |  0.8
Evocations     | |  3.2

Action                   |  1- 3 |  4- 6 |  7- 9 | 10-12 | 13-15 || total
-------------------------+-------+-------+-------+-------+-------++-------
Melee: Short sword       |    49 |    44 |   117 |       |       ||   210
       Constrict         |    13 |    32 |    42 |    73 |    23 ||   183
       Tentacles         |     7 |    32 |    36 |   106 |    41 ||   222
       Dagger            |       |   131 |    67 |       |       ||   198
       Scimitar          |       |       |    16 |   428 |   143 ||   587
       Punch             |       |       |     1 |     6 |     1 ||     8
Throw: Javelin           |       |       |     5 |       |     2 ||     7
Invok: Heroism           |       |       |     6 |    12 |     2 ||    20
       Finesse           |       |       |       |     7 |     1 ||     8
 Abil: Evoke Berserk Rag |       |       |       |     3 |     1 ||     4
Evoke: Wand              |       |     9 |    32 |     6 |     5 ||    52
  Use: Scroll            |     5 |    13 |    10 |     5 |    13 ||    46
       Potion            |     1 |     3 |     3 |     6 |       ||    13
 Stab: Sleeping          |     6 |    26 |    25 |    23 |     8 ||    88
       Distracted        |       |       |     2 |     3 |       ||     5
  Eat: Chunk             |     1 |     5 |     9 |    20 |     5 ||    40
       Fruit             |       |       |     4 |     4 |       ||     8
       Royal jelly       |       |       |     1 |     2 |     2 ||     5
Armor: Skin              |     3 |    19 |    29 |    41 |     9 ||   101
Dodge: Dodged            |    25 |    60 |    94 |   240 |    75 ||   494
Block: Shield            |       |       |       |    84 |   102 ||   186
       Rpst.: Scimitar   |       |       |     2 |    64 |    23 ||    89

Table legend:
 A = Spawn XP
 B = Non-spawn XP
 C = Spawn XP percentage of total XP
 D = Spawn monster count
 E = Non-spawn monster count
 F = Spawn count percentage of total count
 G = Total turns spent on level
                    A         B        C        D         E        F      G
               +---------+---------+-------+---------+---------+-------+---------
         Total |       0 |   45130 |   0.0 |       0 |     428 |   0.0 | 17355
               +---------+---------+-------+---------+---------+-------+---------
           D:1 |       0 |      25 |   0.0 |       0 |      17 |   0.0 |   887
           D:2 |       0 |      17 |   0.0 |       0 |       9 |   0.0 |   948
           D:3 |       0 |     131 |   0.0 |       0 |      30 |   0.0 |   943
           D:4 |       0 |     588 |   0.0 |       0 |      22 |   0.0 |   941
           D:5 |       0 |     522 |   0.0 |       0 |      32 |   0.0 |  1181
           D:6 |       0 |     535 |   0.0 |       0 |       9 |   0.0 |   610
           D:7 |       0 |    1096 |   0.0 |       0 |      14 |   0.0 |   775
           D:8 |       0 |    2324 |   0.0 |       0 |      41 |   0.0 |  1554
           D:9 |       0 |    5319 |   0.0 |       0 |      55 |   0.0 |  2053
          D:10 |       0 |    7230 |   0.0 |       0 |      39 |   0.0 |  1419
          D:11 |       0 |   14437 |   0.0 |       0 |      63 |   0.0 |  3070
          D:12 |       0 |    8930 |   0.0 |       0 |      50 |   0.0 |  1922
        Temple |       0 |      29 |   0.0 |       0 |       1 |   0.0 |   152
        Lair:1 |       0 |    3363 |   0.0 |       0 |      10 |   0.0 |   298
       Ossuary |       0 |     584 |   0.0 |       0 |      36 |   0.0 |   602
               +---------+---------+-------+---------+---------+-------+---------
